AoeStats
← AiM | CyclopsTron

Socotra

505150122Analyzed
4v4 RM · 25d ago on Sep 8, 2026· 53m 39s· 8 players
Game mode
Random Map
Map size
148×148
Population
200
Speed
Normal
Resources
Standard
Victory
Conquest
Starting age
Dark Age
Ending age
Imperial Age
RankedLock teamsTeams togetherTeam positionsShared explorationLock speedFull tech treeHidden civsTurbo modeCheats
Victory
Defeat
🇨🇦 Wei · Canada
1718
+17
🇲🇽 Maya · Mexico
1692
+18
🇳🇿 Jurchens · New Zealand
1651
+20
🇲🇽 Hindustanis · Mexico
1583
+22
🇻🇳 Mongols · Vietnam
1754
-20
🇦🇷 Ethiopians · Argentina
1750
-20
🇵🇪 Maya · Peru
1745
-20
🇨🇱 Armenians · Chile
1686
-17
AiM | CyclopsTron
0:33 Loom
10:18 Feudal Age
14:07 Fletching
15:43 Padded Archer Armor
21:09 Double-Bit Axe
21:34 Horse Collar
26:23 Castle Age
27:00 Bodkin Arrow
26:32 Elite Skirmisher
27:57 Leather Archer Armor
31:32 Ballistics
33:58 Wheelbarrow
35:00 Town Watch
38:03 Hand Cart
38:59 Stone Mining
40:23 Scale Mail Armor
44:52 Imperial Age
43:03 Chain Mail Armor
43:19 Bow Saw
43:38 Squires
43:36 Eagle Warrior
44:27 Forging
44:10 Gold Mining
45:36 Bracer
46:45 Plate Mail Armor
47:06 Holcans
47:49 Chemistry
46:50 Elite Eagle Warrior
52:31 Ring Archer Armor
54:24 Iron Casting
XXYY
6:34 Loom
8:46 Feudal Age
9:33 Double-Bit Axe
10:46 Horse Collar
17:11 Scale Barding Armor
23:23 Castle Age
22:16 Bloodlines
22:08 Gold Mining
23:24 Forging
24:32 Chain Barding Armor
23:45 Light Cavalry
24:53 Husbandry
25:59 Wheelbarrow
28:16 Town Watch
44:29 Bow Saw
48:36 Hand Cart
51:15 Imperial Age
49:03 Stone Mining
50:59 Iron Casting
52:33 Plate Barding Armor
51:34 Hussar
52:46 Heavy Plow
LeBotut
5:23 Loom
9:16 Feudal Age
10:04 Double-Bit Axe
14:37 Scale Barding Armor
22:18 Castle Age
20:52 Forging
21:02 Bloodlines
23:24 Chain Barding Armor
22:25 Light Cavalry
23:07 Husbandry
28:32 Wheelbarrow
28:09 Bow Saw
40:30 Imperial Age
39:52 Hand Cart
42:17 Plate Barding Armor
41:37 Hussar
43:59 Horse Collar
47:48 Iron Casting
49:08 Town Watch
49:27 Heavy Plow
52:13 Conscription
52:55 Squires
52:16 Pikeman
Nopantsday
6:37 Loom
9:07 Feudal Age
16:40 Town Watch
21:38 Castle Age
20:21 Double-Bit Axe
21:22 Fletching
22:18 Bodkin Arrow
27:23 Horse Collar
28:46 Gold Mining
33:23 Bloodlines
noru
0:26 Loom
9:45 Feudal Age
10:14 Double-Bit Axe
13:25 Fletching
17:08 Padded Archer Armor
22:01 Castle Age
20:13 Gold Mining
21:23 Horse Collar
22:05 Crossbowman
22:51 Bodkin Arrow
25:38 Ballistics
29:31 Bow Saw
33:04 Town Watch
39:34 Wheelbarrow
39:33 Scale Mail Armor
40:16 Forging
41:43 Squires
41:03 Eagle Warrior
41:32 Pikeman
42:27 Arson
44:26 Chain Mail Armor
54:40 Imperial Age
52:52 Hand Cart
Ancalagon14
0:29 Loom
11:10 Feudal Age
16:58 Fletching
25:47 Town Watch
33:09 Wheelbarrow
32:44 Double-Bit Axe
40:22 Castle Age
41:03 Bodkin Arrow
41:05 Crossbowman
42:34 Bow Saw
42:52 Ballistics
44:41 Horse Collar
47:59 Hand Cart
48:40 Pikeman
apNEA
6:42 Loom
8:48 Feudal Age
9:39 Double-Bit Axe
11:30 Town Watch
13:57 Fletching
23:14 Castle Age
21:45 Gold Mining
22:00 Horse Collar
23:52 Bodkin Arrow
23:17 Crossbowman
25:01 Thumb Ring
25:15 Padded Archer Armor
26:30 Ballistics
30:31 Leather Archer Armor
37:11 Imperial Age
35:38 Bow Saw
37:53 Bracer
38:57 Chemistry
38:02 Arbalester
41:19 Wheelbarrow
45:13 Hand Cart
46:53 Conscription
Hoanginator
6:53 Feudal Age
10:07 Loom
10:15 Fletching
11:00 Loom
11:51 Double-Bit Axe
14:38 Horse Collar
20:05 Castle Age
19:45 Gold Mining
20:44 Bodkin Arrow
21:37 Bloodlines
22:53 Padded Archer Armor
26:28 Scale Barding Armor
28:03 Leather Archer Armor
33:25 Ballistics
41:14 Heavy Plow
41:43 Bow Saw
45:46 Imperial Age
44:39 Wheelbarrow
46:35 Bracer
49:54 Gold Shaft Mining
49:06 Town Watch
51:55 Chemistry
Connection lost

Rejoining the realm…

Still unreachable

The connection could not be restored.

Session expired

The server has moved on; the page needs a fresh start.